 Dungeon Crawl Stone Soup version 0.32-a0-470-g255bbe2f98 (webtiles) character file.

Game seed: 10157202361783008972

146 Conn the Sneak (level 5, -3/31 HPs)
             Began as an Octopode Fire Elementalist on Feb 25, 2024.
             Incinerated by a bombardier beetle (4 damage)
             ... with a burning spray
             ... on level 4 of the Dungeon.
             The game lasted 00:05:19 (3202 turns).

Conn the Sneak (Octopode Fire Elementalist)         Turns: 3202, Time: 00:05:20

Health: -3/31      AC:  1    Str:  7    XL:     5   Next: 28%
Magic:  9/9        EV: 13    Int: 20    God:
Gold:   217        SH:  0    Dex: 12    Spells: 3/9 levels left

rFire   . . .        m - +2 short sword (elec)
rCold   . . .        (no shield)
rNeg    . . .        (helmet restricted)
rPois   .            (no amulet)
rElec   .            (no ring)
rCorr   .            (no ring)
SInv    .            (no ring)
Will    .....        (no ring)
Stlth   ++           (no ring)
HPRegen 0.25/turn    (no ring)
MPRegen 0.11/turn    (no ring)
                     (no ring)

%: no passive effects
@: mighty, on fire, attractive, glowing
A: almost no armour, amphibious, 8 rings, camouflage 1, gelatinous body 1,
(nimble swimmer 1), tentacles
a: no special abilities


You were on level 4 of the Dungeon.
You visited 1 branch of the dungeon, and saw 4 of its levels.

You collected 217 gold pieces.

Inventory:

Hand Weapons
 l - a +0 falchion of pain
 m - a +2 short sword of electrocution (weapon)
Scrolls
 b - a scroll of blinking
 d - 2 scrolls of teleportation
 h - a scroll of amnesia
 i - a scroll of summoning
Potions
 a - 2 potions of magic
 c - a potion of brilliance
 g - a potion of berserk rage {unknown}
 k - a potion of might
 o - a potion of lignification


   Skills:
 + Level 2.8 Dodging
 + Level 4.0 Stealth
 * Level 2.8 Spellcasting
 * Level 2.4 Conjurations
 + Level 3.6 Fire Magic


You had 3 spell levels left.
You knew the following spells:

 Your Spells              Type           Power      Damage    Failure   Level
a - Foxfire               Conj/Fire      60%        2x1d7     4%          1
b - Scorch                Fire           34%        2d6       4%          2
c - Inner Flame           Hex/Fire       10%        N/A       21%         3

Your spell library contained the following spells:

 Spells                   Type           Power      Damage    Failure   Level
 Volatile Blastmotes      Fire/Tloc      20%        2d11      21%         3
 Flame Wave               Conj/Fire      15%        2d7       38%         4


Dungeon Overview and Level Annotations

Branches:
Dungeon (4/15)
 Temple: D:4-7

Altars:
Nemelex Xobeh


Innate Abilities, Weirdness & Mutations

You cannot wear most types of armour.
You are amphibious.
You can wear up to eight rings at the same time.
Your skin changes colour to match your surroundings (Stealth+).
Your rubbery body absorbs attacks. (AC +1, EV +1)
((You are camouflaged when in or above water. (Stealth+)))
You have tentacles for arms and can constrict up to eight enemies at once.


Message History

You hit the bombardier beetle but do no damage.
The bombardier beetle is heavily wounded.
You constrict the bombardier beetle, but do no damage.
The bombardier beetle sprays incendiary fluid at you.
The burning spray misses you.
You barely miss the bombardier beetle.
The bombardier beetle is heavily wounded.
You constrict the bombardier beetle.
The bombardier beetle sprays incendiary fluid at you.
The burning spray hits you.
You are covered in liquid fire!
You hit the bombardier beetle but do no damage.
Lightning courses through the bombardier beetle!
You kill the bombardier beetle!
The liquid fire burns you!
Your Stealth skill increases to level 4!
You have reached level 5!
You feel clever.
Unknown command.
You are on fire!
You shake off some of the fire as you move.
The liquid fire burns you!
There is an open door here.
The liquid fire burns you! The liquid fire burns you!
The liquid fire burns you! The liquid fire burns you!
* * * LOW HITPOINT WARNING * * *
You shake off some of the fire as you move.
The liquid fire burns you!
* * * LOW HITPOINT WARNING * * *
It was a potion of might.
You feel very mighty all of a sudden. The liquid fire burns you!
* * * LOW HITPOINT WARNING * * *
Okay, then.
It was a potion of attraction.
You feel attractive to monsters. The liquid fire burns you!
You die...

... +##..# ..
...... .. .... .
#### #..# .#
#..#######..###.##
#........#..#.†..#
#........#..#....#
##..#......@'....#
####...#...######
#.#####.#######
### #.........
##.........
#...>.##..#
####..#######
#.........#
#.........#


There were no monsters in sight!

Vanquished Creatures
  A bombardier beetle (D:4)
  A sleepcap (D:3)
  Robin (D:3)
  A dart slug (D:2)
  2 ribbon worms (D:2)
  An orc (D:3)
  5 endoplasms
  3 giant cockroaches
  15 goblins
  5 hobgoblins
  6 jackals (D:2)
  5 kobolds
  2 quokkas
  4 ball pythons
  2 bats (D:3)
  A frilled lizard (D:2)
  8 rats (D:1)
63 creatures vanquished.

Vanquished Creatures (others)
  140 foxfires
140 creatures vanquished.

Grand Total: 203 creatures vanquished

Notes
Turn   | Place    | Note
-------+----------+-------------------------------------------
     0 | D:1      | Conn the Octopode Fire Elementalist began the quest for the
                  | Orb.
     0 | D:1      | Reached XP level 1. HP: 11/11 MP: 3/3
   347 | D:1      | Reached XP level 2. HP: 17/17 MP: 3/5
   395 | D:1      | Reached skill level 3 in Stealth
   912 | D:1      | Learned a level 2 spell: Scorch
  1127 | D:2      | Reached XP level 3. HP: 21/21 MP: 2/6
  2031 | D:3      | Reached XP level 4. HP: 27/27 MP: 0/7
  2207 | D:3      | Found a sparkling altar of Nemelex Xobeh.
  2500 | D:3      | Learned a level 3 spell: Inner Flame
  2751 | D:3      | Noticed Robin
  2973 | D:3      | Killed Robin
  3195 | D:4      | Reached skill level 4 in Stealth
  3195 | D:4      | Reached XP level 5. HP: 28/31 MP: 9/9
  3201 | D:4      | HP: 1/31 [burnt (3)]
  3202 | D:4      | Incinerated by a bombardier beetle

Illustrated notes

Levels and vault maps discovered:
D:1:      dpeg_arrival_yet_another_circle, layout_basic, minmay_rat_gold_closets
D:2:      layout_loops_ring, minmay_misc_feat_encased
D:3:      layout_basic, nemelex_dance_club_becter, uniq_robin
D:4:      layout_gridville, mainiacjoe_overflow_six_doors_small,
          nicolae_qazlal_general_emergency

Skill      XL: |  1  2  3  4 |
---------------+-------------+-----
Stealth        | 3 4 |  4.0
Conjurations   | 2 |  2.4
Dodging        | |  2.8
Spellcasting   | |  2.8
Fire Magic     | |  3.6

Action                     |  1- 3 |  4- 6 || total
---------------------------+-------+-------++-------
  Melee: Unarmed           |    31 |     2 ||    33
         Constrict         |     8 |     3 ||    11
         Tentacles         |     8 |     6 ||    14
         Punch             |     1 |       ||     1
         Short sword       |       |    16 ||    16
         Falchion          |       |     1 ||     1
   Cast: Foxfire           |    58 |    20 ||    78
         Scorch            |     7 |     4 ||    11
    Use: Potion            |     1 |     4 ||     5
         Scroll            |       |     5 ||     5
   Stab: Sleeping          |       |     2 ||     2
 Armour: Skin              |    13 |    21 ||    34
  Dodge: Dodged            |    29 |    13 ||    42

Table legend: (Time is in decaauts)
 A = Elapsed time spent in this place.
 B = Non-inter-level travel time spent in this place.
 C = Inter-level travel time spent in this place.
 D = Time resting spent in this place.
 E = Time spent auto-exploring this place.
 F = Levels seen in this place.
 G = Mean time per level.
                   A        B        C        D        E       F      G
               +--------+--------+--------+--------+--------+-----+--------+
         Total |   3204 |   3151 |     53 |    256 |   2224 |   4 |  801.0 |
       Dungeon |   3204 |   3151 |     53 |    256 |   2224 |   4 |  801.0 |
               +--------+--------+--------+--------+--------+-----+--------+

Top non-repeatable levels by time:
     D:2: 1230 daAuts
     D:1: 1035 daAuts
     D:3: 885 daAuts
     D:4: 53 daAuts
